 Dungeon Crawl Stone Soup version 0.25-a0-258-g6d7e32a812 (webtiles) character file.

Game seed: 1441947152912193855, levelgen mode: deterministic

363290 Poseur the Severer (level 21, -6/195 HPs)
             Began as a White Draconian Berserker on Dec 7, 2019.
             Was an Elder of Trog.
             Mangled by a stone giant (24 damage)
             ... on level 5 of the Vaults.
             The game lasted 02:16:13 (45011 turns).

Poseur the Severer (White Draconian Berserker)     Turns: 45011, Time: 02:16:14

Health: -6/195     AC: 28    Str: 21    XL:     21   Next: 53%
Magic:  33/33      EV: 27    Int:  8    God:    Trog [****..]
Gold:   2342       SH: 17    Dex: 26    Spells: 20/20 levels left

rFire    . . .     SeeInvis .   b - +8 broad axe (elec)
rCold    + . .     Gourm    .   w - +2 shield
rNeg     . . .     Faith    .   (armour unavailable)
rPois    +         Spirit   .   E - +2 hat
rElec    .         Reflect  .   N - +2 cloak {rPois}
rCorr    .         Harm     .   J - +2 pair of gloves {archery}
MR       +....                  k - +2 pair of boots
Stlth    ++++......             x - amulet of regeneration
HPRegen  0.82/turn              T - +5 ring of dexterity
MPRegen  0.23/turn              c - +5 ring of protection

@: berserk cooldown, slowed, lightly drained, very slow
A: breathe frost, unfitting armour, agile 1, cold resistance 1, high mp 1,
poison resistance, shaggy fur 1, cold-blooded, AC +11
}: 2/15 runes: abyssal, gossamer
a: Breathe Frost, Berserk, Trog's Hand, Brothers in Arms, Renounce Religion


You were on level 5 of the Vaults.
You worshipped Trog.
Trog was greatly pleased with you.
You were not hungry.

You visited 5 branches of the dungeon, and saw 32 of its levels.
You visited the Abyss 2 times.
You also visited: Wizlab.

You collected 4285 gold pieces.
You spent 1943 gold pieces at shops.

Inventory:

Hand Weapons
 a - a +6 war axe of venom
 b - a +8 broad axe of electrocution (weapon)
 r - a +8 broad axe
Missiles
 i - 3 throwing nets
 A - 30 boomerangs (quivered)
 C - 85 poisoned darts
 L - 14 silver javelins
Armour
 k - a +2 pair of boots (worn)
 w - a +2 shield (worn)
 E - a +2 hat (worn)
 J - a +2 pair of gloves of archery (worn)
 N - a +2 cloak of poison resistance (worn)
Jewellery
 c - a +5 ring of protection (right hand)
 d - an uncursed ring of flight
 e - an uncursed ring of protection from cold
 q - an uncursed ring of positive energy
 x - an amulet of regeneration (around neck)
 G - an uncursed ring of see invisible
 T - a +5 ring of dexterity (left hand)
Wands
 l - a wand of scattershot (14)
 s - a wand of acid (11)
 B - a wand of iceblast (36)
 F - a wand of digging (10)
 V - a wand of clouds (13)
Scrolls
 g - 15 scrolls of remove curse
 j - 8 scrolls of identify
 o - 12 scrolls of fog
 u - 4 scrolls of magic mapping
 y - 10 scrolls of teleportation
 M - 2 scrolls of enchant armour
 P - a scroll of fear
 R - a scroll of silence {unknown}
 U - 2 scrolls of blinking
Potions
 h - 4 potions of curing
 m - 7 potions of haste
 n - 7 potions of heal wounds
 v - 5 potions of flight
 z - 4 potions of lignification
 D - 4 potions of brilliance
 H - 2 potions of resistance
 K - a potion of invisibility
 O - 3 potions of cancellation
 Q - 3 potions of ambrosia
 W - 4 potions of might
 X - 3 potions of magic
 Y - 4 potions of agility
Miscellaneous
 f - 3 boxes of beasts
 p - a sack of spiders
 S - 4 phantom mirrors
Comestibles
 t - 17 chunks of flesh
 I - 80 rations


   Skills:
 + Level 18.7(18.4) Fighting
 + Level 20.4(20.1) Axes
 + Level 12.2(12.0) Throwing
 + Level 14.7(14.4) Dodging
 - Level 6.2(6.0) Stealth
 - Level 15.0(14.7) Shields
 * Level 12.4(12.1) Evocations


You had 20 spell levels left.
You didn't know any spells.
Your spell library was empty.

Dungeon Overview and Level Annotations

Branches:
Dungeon (15/15)            Temple (0/1) D:5            Lair (6/6) D:8
 Shoals (0/4) Lair:3       Spider (4/4) Lair:2        Slime (0/5) Lair:6
    Orc (2/2) D:9             Elf (0/3) Orc:2        Vaults (5/5) D:14
  Crypt (0/3) Vaults:3     Depths (0/5) D:15         WizLab (visited)

Altars:
Ashenzari
Cheibriados
Dithmenos
Elyvilon
Gozag
Hepliaklqana
Kikubaaqudgha
Nemelex Xobeh
Okawaru
Ru
Sif Muna
Uskayaw
Vehumet
Yredelemnul
The Shining One
Beogh
Jiyva

Shops:
D:9 }[[(   D:13 :([(   D:14 }   Orc:1 %   Orc:2 }?(!   Vaults:1 }

Portals:
Pandemonium: Orc:2

Annotations:
D:7 exclusions: downstairs and oklob plant
D:9 exclusion: downstairs
D:11 3 runed translucent doors, p0werm0de's ghost, novice DsCj
Lair:2 3 runed translucent doors, Suelorphy's ghost, journeyman NaGl
Lair:6 exclusion: 4 oklob plants
Spider:2 exclusion: downstairs
Vaults:3 1 runed translucent door, Qenoimudgh's ghost, adept FeMo


Innate Abilities, Weirdness & Mutations

You can breathe waves of freezing cold.
You can buffet flying creatures when you breathe cold.
Your icy white scales are hard. (AC +11)
You cannot fit into any form of body armour.
Your flesh is cold resistant. (rC+)
You are cold-blooded and may be slowed by cold attacks.
You are agile. (Dex +2)
You have an increased reservoir of magic. (+10% MP)
Your system is resistant to poisons. (rPois)
You are covered in fur. (AC +1)


Message History

You tail-slap the stone giant, but do no damage.
The stone giant is lightly wounded.
Your skin stops crawling.
You feel less resistant to hostile enchantments.
The stone giant completely misses you.
You slice the stone giant!!
The stone giant is moderately wounded.
You block the stone giant's attack.
You slice the stone giant!!
You tail-slap the stone giant, but do no damage.
The stone giant is severely wounded.
The stone giant hits you!!
* * * LOW HITPOINT WARNING * * *
You barely miss the stone giant.
The stone giant is severely wounded.
The stone giant completely misses you.
You slash the stone giant!
The stone giant is almost dead.
The stone giant hits you!!
You die...

#.#.###.
.......) #.
###.#.#. #..#. #
#. #..#.# #.#.
#..... ....
#....###########
####
#...............
...
#......(@C......
...
#...............
...
#...............
...
#....###########
### #.....#
#..#.....#
#..##........ .
#. .....#... ..
#. #...## ). ...


You could see a stone giant.

Vanquished Creatures
  An ancient lich (WizLab)
  Saint Roka (Vaults:1)
  Nikola (Vaults:2)
  A bone dragon (Vaults:3)
  A lich (Abyss:3)
  3 tentacled monstrosities (Vaults:5)
  3 titans
  Frances (D:12)
  Gastronok (Lair:1)
  A tentacled starspawn (Abyss:3)
  2 sphinxes
  Agnes (Spider:2)
  A storm dragon (Vaults:5)
  4 shadow dragons (Vaults:5)
  Roxanne (Spider:2)
  6 tengu reavers (Vaults:5)
  Donald (Spider:3)
  2 fire giants (Vaults:5)
  A deep elf sorcerer (Vaults:5)
  13 vault wardens
  6 ghost moths
  A caustic shrike zombie (WizLab)
  2 frost giants
  9 emperor scorpions
  13 ironheart preservers
  3 war gargoyles
  3 very ugly things (Abyss:3)
  8 stone giants
  7 entropy weavers
  Nessos (D:15)
  4 deep elf demonologists
  Azrael (D:15)
  A dire elephant (Lair:6)
  A starcursed mass (Abyss:3)
  A lorocyproca (Abyss:3)
  3 deep elf annihilators
  2 spark wasps
  Josephine (D:15)
  A crystal guardian (Vaults:2)
  6 ettins
  A deep elf death mage (Vaults:5)
  4 deep elf high priests (Vaults:5)
  A fire dragon (Vaults:2)
  A great orb of eyes (Vaults:3)
  11 yaktaur captains
  Harold (D:7)
  3 hydras
  31 vault guards
  2 ice dragons
  8 centaur warriors
  2 catoblepae
  A catoblepas (shapeshifter) (Vaults:5)
  A rakshasa (Vaults:1)
  A death knight (Vaults:2)
  3 orc high priests (Orc:2)
  3 tengu warriors
  29 two-headed ogres
  2 vampire magi
  10 ogre magi
  A deep troll shaman (Lair:6)
  A deep troll earth mage (Vaults:1)
  6 death yaks (Lair:6)
  Urug (Lair:6)
  Nergalle (D:11)
  7 hell knights (Vaults:3)
  3 deep elf knights
  A storm dragon zombie (WizLab)
  A fire crab (shapeshifter) (Vaults:4)
  8 skeletal warriors
  4 wretched stars
  7 unseen horrors
  A spatial maelstrom (Abyss:3)
  A spark wasp zombie (WizLab)
  2 infernal demonspawn (Orc:2)
  2 wizards (Vaults:3)
  Pikel (D:7)
  16 deep trolls
  A glowing orange brain (Abyss:3)
  A sea snake (shapeshifter) (Vaults:3)
  3 deep elf archers (Vaults:4)
  A glowing orange brain (shapeshifter) (Vaults:2)
  14 ironbrand convokers
  A necromancer (Vaults:3)
  2 phantasmal warriors (Vaults:2)
  3 harpies (Vaults:2)
  15 orc knights
  18 wolf spiders
  10 orb spiders
  10 orc sorcerers
  19 deep elf magi
  A cyclops (shapeshifter) (Abyss:3)
  A human zombie (WizLab)
  3 cyclopes
  3 oklob plants
  5 moths of wrath
  24 ugly things
  4 worldbinders
  4 manticores
  A smoke demon (Abyss:3)
  14 elephants
  A guardian serpent (D:13)
  3 rust devils
  2 demonspawn zombies (WizLab)
  3 torpor snails
  Maurice (D:11)
  3 black mambas
  13 vault sentinels
  2 gargoyles (D:9)
  An orange demon (Abyss:3)
  A rime drake (shapeshifter) (Vaults:4)
  A spriggan zombie (WizLab)
  13 spiny frogs
  3 rime drakes
  6 centaur skeletons
  A spiny frog (shapeshifter) (Vaults:4)
  2 efreet
  An eye of devastation (shapeshifter) (Vaults:4)
  7 freezing wraiths
  A yaktaur (shapeshifter) (Vaults:2)
  13 demonic crawlers
  46 yaktaurs
  2 red devils (Orc:2)
  A guardian mummy (WizLab)
  8 komodo dragons
  An ancient zyme (Abyss:2)
  2 tengu conjurers (D:13)
  10 hornets
  2 queen bees
  A queen bee (shapeshifter) (D:14)
  5 trolls
  6 meliai
  27 jumping spiders
  A harpy skeleton (D:15)
  11 raiju (Abyss:3)
  26 slime creatures
  10 hippogriffs
  A hornet (shapeshifter) (Vaults:2)
  6 large abominations
  A fire dragon zombie (WizLab)
  2 blink frogs (shapeshifter)
  33 blink frogs
  3 deep troll zombies (WizLab)
  68 redbacks
  3 ettin zombies (WizLab)
  3 ynoxinuls
  A vampire (D:15)
  26 tarantellas
  3 wyverns
  4 chaos spawn
  5 basilisks
  35 yaks
  6 wraiths
  2 fire elementals (D:15)
  A neqoxec (Abyss:2)
  2 hungry ghosts
  2 steam dragons
  2 tengu zombies (WizLab)
  3 insubstantial wisps (Abyss:3)
  8 wargs
  16 water moccasins
  4 acid dragons
  3 hell hounds (D:15)
  5 porcupines
  A floating eye (shapeshifter) (Vaults:3)
  2 ice beasts
  2 black bears
  4 phantoms
  43 orc warriors
  An eye of draining (shapeshifter) (Vaults:3)
  A necrophage (D:12)
  8 small abominations
  2 sky beasts
  28 ogres
  A boggart (D:14)
  23 centaurs
  30 wolves
  10 crocodiles
  5 big kobolds
  A gnoll sergeant (D:5)
  26 bullfrogs
  2 wyvern skeletons
  5 scorpions
  9 wights
  47 killer bees
  7 howler monkeys
  7 electric eels
  5 centaur zombies
  6 crimson imps
  2 bullfrog zombies
  3 hounds
  27 orc priests
  5 quasits
  A gnoll shaman (Orc:1)
  A jelly (D:9)
  22 orc wizards
  4 iguanas
  12 worker ants
  2 hound zombies
  2 worker ant zombies (D:7)
  15 gnolls
  15 adders
  3 shadow imps
  An ufetubus (Abyss:3)
  4 oozes
  An adder skeleton (D:5)
  4 dart slugs
  7 leopard geckos
  97 orcs
  2 giant cockroaches
  4 goblins
  6 hobgoblins
  9 jackals
  14 kobolds
  3 quokkas
  10 bats
  8 frilled lizards
  A leopard gecko skeleton (D:7)
  A leopard gecko zombie (D:5)
  2 quokka skeletons (D:9)
  17 rats
  3 bushes (Lair:6)
  3 crawling corpses (Vaults:5)
  6 fungi
  4 plants
  2 starspawn tentacles (Abyss:3)
1541 creatures vanquished.

Vanquished Creatures (collateral kills)
  Sojobo (Vaults:5)
  Arachne (Spider:2)
  A tentacled monstrosity (Vaults:5)
  A titan (Vaults:5)
  An iron dragon (Vaults:5)
  A ghost moth (Spider:4)
  An emperor scorpion (Spider:4)
  A vault warden (Vaults:5)
  A stone giant (Vaults:5)
  A spark wasp (Spider:4)
  A centaur warrior (D:14)
  A wretched star (Abyss:3)
  A deep troll (Vaults:5)
  2 ironbrand convokers (Vaults:5)
  A wolf spider (Spider:2)
  2 manticores (D:14)
  A centaur skeleton (D:14)
  A meliai (Abyss:3)
  A jumping spider (Spider:2)
  A troll (D:14)
  A hound (D:14)
  An orc (Orc:2)
24 creatures vanquished.

Vanquished Creatures (others)
  A fire giant (Vaults:3)
  A vault guard (Vaults:5)
  A wizard (Vaults:1)
  A spriggan (D:7)
  3 slaves (D:7)
  A sky beast (D:15)
  A killer bee (Lair:3)
  An orc (D:13)
  6 bushes (Lair:6)
  A fungus (Lair:5)
  12 plants
  2 withered plants (Vaults:3)
31 creatures vanquished.

Grand Total: 1596 creatures vanquished

Notes
Turn   | Place    | Note
-------+----------+-------------------------------------------
     0 | D:1      | Poseur the Draconian Berserker began the quest for the Orb.
     0 | D:1      | Reached XP level 1. HP: 19/19 MP: 1/1
   418 | D:1      | Reached XP level 2. HP: 23/26 MP: 2/2
  1222 | D:2      | Reached XP level 3. HP: 31/33 MP: 3/3
  1238 | D:2      | Reached ** piety under Trog
  1412 | D:2      | Found a basalt altar of Yredelemnul.
  1702 | D:2      | Found a radiant altar of Vehumet.
  1990 | D:2      | Reached skill level 4 in Axes
  1996 | D:2      | Reached XP level 4. HP: 40/40 MP: 4/4
  2445 | D:3      | Found a sacrificial altar of Ru.
  2598 | D:3      | Found a sparkling altar of Nemelex Xobeh.
  2630 | D:3      | Reached XP level 5. HP: 43/46 MP: 5/5
  3067 | D:4      | Noticed a phantom
  3176 | D:4      | Killed a phantom
  3176 | D:4      | Reached skill level 5 in Axes
  3176 | D:4      | Reached XP level 6. HP: 43/53 MP: 6/6
  3333 | D:4      | Found an iron altar of Okawaru.
  3600 | D:4      | Found a white marble altar of Elyvilon.
  3655 | D:4      | Reached skill level 6 in Axes
  3790 | D:4      | Found a sparkling altar of Nemelex Xobeh.
  3961 | D:5      | Entered Level 5 of the Dungeon
  3985 | D:5      | Your scales start taking on an icy white colour.
  3985 | D:5      | Reached XP level 7. HP: 60/60 MP: 7/7
  3985 | D:5      | Gained mutation: Your flesh is cold resistant. (rC+) [White
                  | Draconian growth]
  3987 | D:5      | Reached skill level 5 in Fighting
  4480 | D:5      | Reached *** piety under Trog
  4490 | D:5      | Reached skill level 1 in Throwing
  4798 | D:5      | Reached skill level 7 in Axes
  4921 | D:5      | Found a snail-covered altar of Cheibriados.
  5014 | D:5      | Found a staircase to the Ecumenical Temple.
  5368 | D:6      | Reached XP level 8. HP: 39/69 MP: 8/8
  6637 | D:7      | Noticed Pikel
  6646 | D:7      | Killed Pikel
  6646 | D:7      | Reached skill level 8 in Axes
  6646 | D:7      | Reached skill level 5 in Dodging
  6702 | D:7      | Found a glowing golden altar of the Shining One.
  6712 | D:7      | Noticed an oklob plant
  7259 | D:7      | Noticed Harold
  7279 | D:7      | Killed Harold
  7279 | D:7      | Reached skill level 9 in Axes
  7279 | D:7      | Reached XP level 9. HP: 78/78 MP: 9/9
  7333 | D:7      | Found a hide-covered altar of Uskayaw.
  7333 | D:7      | Found an opulent altar of Gozag.
  7749 | D:7      | Found a shadowy altar of Dithmenos.
  7850 | D:8      | Found a shattered altar of Ashenzari.
  7913 | D:8      | Found a hazy altar of Hepliaklqana.
  7934 | D:8      | Found a shimmering blue altar of Sif Muna.
  8014 | D:8      | Reached **** piety under Trog
  8753 | D:8      | Reached XP level 10. HP: 86/86 MP: 10/10
  8769 | D:8      | Reached skill level 5 in Throwing
  9020 | D:8      | Reached skill level 10 in Axes
  9080 | D:8      | Found an ancient bone altar of Kikubaaqudgha.
  9150 | D:8      | Reached skill level 5 in Shields
  9167 | D:8      | Found a staircase to the Lair.
  9370 | D:9      | Noticed a gargoyle
  9385 | D:9      | Killed a gargoyle
  9606 | D:9      | Found Ugosop's Armour Boutique.
  9628 | D:9      | Bought a +0 pair of gloves of archery for 138 gold pieces
  9648 | D:9      | Noticed a centaur warrior
  9649 | D:9      | Noticed a gargoyle
  9662 | D:9      | Killed a gargoyle
  9670 | D:9      | Killed a centaur warrior
  9718 | D:9      | Identified Rylas's Incunabulum of Calling and Protection
  9755 | D:9      | Noticed a two-headed ogre
  9772 | D:9      | Killed a two-headed ogre
  9772 | D:9      | Reached skill level 11 in Axes
  9966 | D:9      | Reached XP level 11. HP: 68/94 MP: 11/11
 10298 | D:9      | Found Roongan's Antique Weapon Boutique.
 10555 | D:9      | Found Baruf's Gadget Boutique.
 10592 | D:9      | Found Xycoin's Antique Armour Emporium.
 10641 | D:9      | Reached ***** piety under Trog
 10641 | D:9      | Received a gift from Trog
 10755 | D:9      | Found a staircase to the Orcish Mines.
 10804 | D:9      | Noticed a two-headed ogre
 10814 | D:9      | Killed a two-headed ogre
 10947 | D:10     | Entered Level 10 of the Dungeon
 11235 | D:10     | Noticed a two-headed ogre
 11243 | D:10     | Killed a two-headed ogre
 12977 | D:11     | Noticed a two-headed ogre
 12982 | D:11     | Killed a two-headed ogre
 12982 | D:11     | Reached skill level 12 in Axes
 13025 | D:11     | Noticed Nergalle
 13036 | D:11     | Killed Nergalle
 13324 | D:11     | Killed an unseen horror
 13354 | D:11     | Noticed Maurice
 13451 | D:11     | Reached XP level 12. HP: 104/104 MP: 12/12
 13480 | D:11     | Noticed a two-headed ogre
 13488 | D:11     | Killed a two-headed ogre
 13540 | D:11     | Noticed a two-headed ogre
 13547 | D:11     | Killed a two-headed ogre
 13635 | D:11     | Killed Maurice
 13788 | D:11     | Found a runed translucent gate.
 13788 | D:11     | Found a runed translucent gate.
 13788 | D:11     | Found a runed translucent gate.
 13788 | D:11     | Noticed p0werm0de's ghost (novice DsCj)
 13804 | D:11     | You fall into a shaft and drop 3 floors!
 14459 | D:14     | Noticed a centaur warrior
 14462 | D:14     | Noticed a tengu warrior
 14467 | D:14     | Killed a centaur warrior
 14469 | D:14     | Killed a tengu warrior
 14629 | D:12     | Noticed Frances
 14647 | D:12     | Killed Frances
 14647 | D:12     | Reached skill level 13 in Axes
 14647 | D:12     | Reached skill level 10 in Shields
 14768 | D:12     | Reached skill level 10 in Fighting
 15576 | D:13     | Noticed a tengu warrior
 15598 | D:12     | Killed a tengu warrior
 15598 | D:12     | Reached XP level 13. HP: 89/113 MP: 13/13
 16532 | D:13     | Found Maf Irgh's Weapon Boutique.
 16549 | D:13     | Gained mutation: You have a pair of small antennae on your
                  | head. [potion of mutation]
 16549 | D:13     | Gained mutation: You tend to lose your temper in combat.
                  | [potion of mutation]
 16549 | D:13     | Gained mutation: Your tail ends in a poisonous barb.
                  | [potion of mutation]
 16549 | D:13     | Gained mutation: Your large and strong wings let you fly
                  | indefinitely. [potion of mutation]
 16775 | D:13     | Found Toisiph's Antique Weapon Emporium.
 16782 | D:13     | Found Iclot's Antique Armour Emporium.
 16912 | D:13     | Found Ipnaaxiag's Book Shoppe.
 17033 | D:14     | Found Hugguabri's Gadget Shop.
 17180 | D:14     | Reached skill level 14 in Axes
 17457 | D:14     | Found a gate to the Vaults.
 17844 | D:15     | Entered Level 15 of the Dungeon
 17852 | D:15     | Received a gift from Trog
 17913 | D:15     | Noticed Nessos
 17914 | D:15     | Noticed Azrael
 17939 | D:15     | Killed Azrael
 17945 | D:15     | Killed Nessos
 18536 | D:15     | Found a staircase to the Depths.
 18536 | D:15     | Noticed a frost giant
 18547 | D:15     | Killed a frost giant
 18760 | D:15     | Reached XP level 14. HP: 124/124 MP: 14/14
 18801 | D:15     | Found an ancient bone altar of Kikubaaqudgha.
 18910 | D:15     | Found a glowing golden altar of the Shining One.
 18955 | D:15     | Noticed Josephine
 18984 | D:15     | Killed Josephine
 19700 | D:8      | Identified Sif Muna's Reference Book on Self-Improvement
 19773 | Lair:1   | Entered Level 1 of the Lair of Beasts
 19780 | Lair:1   | Reached skill level 15 in Axes
 19823 | Lair:1   | Noticed Gastronok
 19838 | Lair:1   | Killed Gastronok
 20538 | Lair:2   | Received a gift from Trog
 20610 | Lair:2   | Found a runed translucent gate.
 20611 | Lair:2   | Found a runed translucent gate.
 20611 | Lair:2   | Noticed Suelorphy's ghost (journeyman NaGl)
 20612 | Lair:2   | Found a runed translucent gate.
 20755 | Lair:2   | Found a hole to the Spider Nest.
 21548 | Lair:3   | Found a staircase to the Shoals.
 21868 | Lair:3   | Received a gift from Trog
 21897 | Lair:3   | Lost mutation: You tend to lose your temper in combat.
                  | [potion of mutation]
 21897 | Lair:3   | Lost mutation: Your tail ends in a poisonous barb. [potion
                  | of mutation]
 21897 | Lair:3   | Lost mutation: Your large and strong wings let you fly
                  | indefinitely. [potion of mutation]
 21897 | Lair:3   | Lost mutation: You have a pair of small antennae on your
                  | head. [potion of mutation]
 21897 | Lair:3   | Gained mutation: You are frail. (-10% HP) [potion of
                  | mutation]
 21897 | Lair:3   | Gained mutation: Your system is resistant to poisons.
                  | (rPois) [potion of mutation]
 21897 | Lair:3   | Gained mutation: You have sharp toenails. [potion of
                  | mutation]
 22846 | Lair:4   | Lost mutation: You are frail. (-10% HP) [potion of
                  | mutation]
 22846 | Lair:4   | Lost mutation: Your system is resistant to poisons. (rPois)
                  | [potion of mutation]
 22846 | Lair:4   | Gained mutation: You are dopey. (Int -2) [potion of
                  | mutation]
 22846 | Lair:4   | Gained mutation: Your flesh is heat resistant. (rF+)
                  | [potion of mutation]
 22846 | Lair:4   | Gained mutation: Your tail ends in a poisonous barb.
                  | [potion of mutation]
 23757 | Lair:5   | Reached XP level 15. HP: 132/132 MP: 15/15
 24235 | Lair:6   | Entered Level 6 of the Lair of Beasts
 24254 | Lair:6   | Received a gift from Trog
 24521 | Lair:6   | Reached skill level 16 in Axes
 24586 | Lair:6   | Noticed Urug
 24597 | Lair:6   | Killed Urug
 24852 | Lair:6   | Reached skill level 10 in Dodging
 25784 | Lair:6   | Found a viscous altar of Jiyva.
 25784 | Lair:6   | Found a staircase to the Slime Pits.
 25980 | Orc:1    | Entered Level 1 of the Orcish Mines
 25985 | Orc:1    | Received a gift from Trog
 26695 | Orc:1    | Found Toerous's Food Boutique.
 26723 | Orc:1    | Found a radiant altar of Vehumet.
 26730 | Orc:1    | Received a gift from Trog
 26862 | Orc:2    | Entered Level 2 of the Orcish Mines
 26931 | Orc:2    | Found a roughly hewn altar of Beogh.
 26987 | Orc:2    | Found a staircase to the Elven Halls.
 27557 | Orc:2    | Found Xunlo's Distillery.
 27559 | Orc:2    | Found Ycud Oru's Magic Scroll Boutique.
 27707 | Orc:2    | Bought a potion of heal wounds for 75 gold pieces
 27707 | Orc:2    | Bought a potion of haste for 150 gold pieces
 27707 | Orc:2    | Bought a potion of haste for 150 gold pieces
 27707 | Orc:2    | Bought a potion of haste for 150 gold pieces
 27707 | Orc:2    | Bought a potion of heal wounds for 75 gold pieces
 27783 | Orc:2    | Received a gift from Trog
 27803 | Orc:2    | Reached XP level 16. HP: 71/143 MP: 16/16
 27937 | Orc:2    | Found Gaipnu's Gadget Shoppe.
 27937 | Orc:2    | Found Kaosuet's Antique Weapon Emporium.
 27937 | Orc:2    | Found a one-way gate leading to the halls of Pandemonium.
 27943 | Orc:2    | Bought a glowing broad axe for 147 gold pieces
 27944 | Orc:2    | Cast into level 3 of the Abyss (a distortion unwield)
 27944 | Abyss:3  | Found a corrupted altar of Lugonu.
 28045 | Abyss:3  | Reached skill level 15 in Shields
 28198 | Abyss:3  | Found an iron altar of Okawaru.
 28215 | Abyss:3  | Found an iron altar of Okawaru.
 28258 | Abyss:3  | Found a corrupted altar of Lugonu.
 28314 | Abyss:3  | Noticed a lich
 28332 | Abyss:3  | Killed a lich
 28374 | Abyss:3  | Noticed a tentacled starspawn
 28380 | Abyss:3  | Killed a tentacled starspawn
 28411 | Abyss:3  | Paralysed by accursed screaming for 1 turns
 28415 | Orc:2    | Escaped the Abyss
 28591 | Orc:2    | Bought a wand of clouds (5) for 378 gold pieces
 28811 | Spider:1 | Entered Level 1 of the Spider Nest
 28932 | Spider:1 | Received a gift from Trog
 28932 | Spider:1 | Reached skill level 1 in Evocations
 30057 | Spider:2 | Noticed Arachne
 30071 | Spider:2 | Killed Arachne
 30078 | Spider:2 | Received a gift from Trog
 30150 | Spider:2 | Noticed Agnes
 30161 | Spider:2 | Killed Agnes
 30291 | Spider:2 | Noticed Roxanne
 30328 | Spider:2 | Killed Roxanne
 30341 | Spider:2 | Reached skill level 17 in Axes
 31314 | Spider:2 | Reached skill level 10 in Throwing
 31624 | Spider:3 | Reached XP level 17. HP: 68/151 MP: 12/20
 31917 | Spider:3 | Noticed Donald
 31942 | Spider:3 | Killed Donald
 32161 | Spider:3 | Received a gift from Trog
 32618 | Spider:4 | Entered Level 4 of the Spider Nest
 32649 | Spider:4 | Reached skill level 5 in Evocations
 33448 | Spider:4 | Received a gift from Trog
 34479 | Spider:4 | Got a gossamer rune of Zot
 34802 | Vaults:1 | Entered Level 1 of the Vaults
 34957 | Vaults:1 | Reached XP level 18. HP: 82/162 MP: 23/23
 34962 | Vaults:1 | Received a gift from Trog
 35023 | Vaults:1 | Found a magical portal.
 35197 | WizLab   | Noticed an ancient lich
 35212 | WizLab   | Killed an ancient lich
 35212 | WizLab   | Reached skill level 15 in Fighting
 35222 | WizLab   | Identified the Incunabulum of Bewitching Attacks
 35228 | WizLab   | Lost mutation: You are dopey. (Int -2) [potion of mutation]
 35228 | WizLab   | Lost mutation: You have sharp toenails. [potion of
                  | mutation]
 35228 | WizLab   | Lost mutation: Your tail ends in a poisonous barb. [potion
                  | of mutation]
 35228 | WizLab   | Gained mutation: Your spells are a little easier to cast,
                  | but a little less powerful. [potion of mutation]
 35228 | WizLab   | Gained mutation: You are covered in fur. (AC +1) [potion of
                  | mutation]
 35228 | WizLab   | Gained mutation: You expend magic power (3 MP) to
                  | strengthen your wands. [potion of mutation]
 35559 | WizLab   | Got a translucent lead ring
 35560 | WizLab   | Identified a scroll of acquirement
 35561 | WizLab   | Identified the ring of Diwoeruxt {rC- Str+3 Slay+1} (You
                  | found it in a wizard's laboratory)
 35964 | Vaults:1 | Found Iclalutoew's Gadget Shop.
 35971 | Vaults:1 | Bought a box of beasts for 340 gold pieces
 35971 | Vaults:1 | Bought a box of beasts for 340 gold pieces
 36053 | Vaults:1 | Received a gift from Trog
 36053 | Vaults:1 | Reached skill level 18 in Axes
 36318 | Vaults:1 | Noticed Saint Roka
 36352 | Vaults:1 | Killed Saint Roka
 37122 | Vaults:2 | Received a gift from Trog
 37673 | Vaults:2 | Noticed Nikola
 37683 | Vaults:2 | Killed Nikola
 37951 | Vaults:2 | Reached XP level 19. HP: 146/172 MP: 25/25
 38455 | Vaults:3 | Received a gift from Trog
 38816 | Vaults:3 | Found the +0 sword of Power
 38989 | Vaults:3 | Found a runed translucent door.
 38989 | Vaults:3 | Noticed Qenoimudgh's ghost (adept FeMo)
 39173 | Vaults:3 | Reached skill level 19 in Axes
 39373 | Vaults:3 | Received a gift from Trog
 39381 | Vaults:3 | Reached skill level 1 in Stealth
 39755 | Vaults:3 | Noticed a bone dragon
 39756 | Vaults:3 | Found a staircase to the Crypt.
 39779 | Vaults:3 | Killed a bone dragon
 40204 | Vaults:4 | Reached skill level 10 in Evocations
 40401 | Vaults:4 | Received a gift from Trog
 41044 | Vaults:4 | Reached XP level 20. HP: 184/184 MP: 27/27
 41200 | Vaults:4 | Received a gift from Trog
 41863 | Vaults:4 | Lost mutation: Your spells are a little easier to cast, but
                  | a little less powerful. [potion of mutation]
 41863 | Vaults:4 | Lost mutation: You expend magic power (3 MP) to strengthen
                  | your wands. [potion of mutation]
 41863 | Vaults:4 | Lost mutation: Your flesh is heat resistant. (rF+) [potion
                  | of mutation]
 41863 | Vaults:4 | Gained mutation: You are agile. (Dex +2) [potion of
                  | mutation]
 41863 | Vaults:4 | Gained mutation: Your system is resistant to poisons.
                  | (rPois) [potion of mutation]
 41863 | Vaults:4 | Gained mutation: You have an increased reservoir of magic.
                  | (+10% MP) [potion of mutation]
 41899 | Vaults:5 | Entered Level 5 of the Vaults
 42185 | Vaults:4 | Reached skill level 5 in Stealth
 42351 | Vaults:5 | Cast into level 2 of the Abyss (a deep elf demonologist)
 42351 | Abyss:2  | Found a corrupted altar of Lugonu.
 42489 | Abyss:2  | Received a gift from Trog
 42659 | Abyss:3  | Got an abyssal rune of Zot
 42912 | Vaults:5 | Escaped the Abyss
 43195 | Vaults:4 | Received a gift from Trog
 43607 | Vaults:5 | Reached skill level 20 in Axes
 43654 | Vaults:5 | Noticed Sojobo
 43670 | Vaults:5 | HP: 6/187 [ogre mage/crystal spear (63)]
 43889 | Vaults:5 | Reached XP level 21. HP: 194/194 MP: 32/32
 44011 | Vaults:5 | Received a gift from Trog
 44346 | Vaults:5 | Killed Sojobo
 44425 | Vaults:5 | Identified the +6 mace of Innocence {flame, rPois rF- MR+}
 44425 | Vaults:5 | Identified the +6 plate armour "Buyskari" {rC+ Slay+5}
 44845 | Vaults:5 | Identified the +5 quarterstaff of Springtime {crush,
                  | *Corrode rC+++ Str+7}
 44977 | Vaults:5 | Identified the +6 trident of Gluttony {flame, MR+}
 45011 | Vaults:5 | Mangled by a stone giant

Levels and vault maps discovered:
D:1:      wander_arrival_estate, layout_basic, minmay_rat_gold_closets
D:2:      minmay_spotlight, layout_loops_ring, marbit_many_paths,
          fiery_altar_vehumet
D:3:      layout_rooms, nicolae_ru_great_annihilating_truth,
          nemelex_altar_shiori
D:4:      layout_basic, lemuel_doored_altar, nicolae_overflow_crystal_walls,
          first_ration, nemelex_dance_club_becter
D:5:      layout_basic, minmay_temple_entry_glassed_door,
          minmay_misc_feat_hallway, kennysheep_slug_shrine
D:6:      layout_gridville
D:7:      layout_basic, kennysheep_mini_moat, gammafunk_temple_overflow_statue,
          the_bakery, chequers_serial_rivers_marsh, lemuel_oklob_altar,
          uniq_harold, uniq_pikel
D:8:      layout_cave_pools, led_sif_book, lemuel_round_altar,
          grunt_temple_overflow_open, david_lair_shrubbed
D:9:      minmay_the_grid_octo_2x2 [minmay_the_grid_octo_fan_narrow,
          minmay_the_grid_octo_toaster, minmay_the_grid_octo_clover,
          minmay_the_grid_octo_prize_square_snowflake], layout_basic,
          david_orc_4, serial_shops, kennysheep_little_box, shop,
          nicolae_shop_window_shopping, nicolae_shop_trees
D:10:     layout_basic, hangedman_abyss_or_decor_lesser_grid
D:11:     layout_cave_pools, ebering_ghost_rock_garden, uniq_nergalle,
          uniq_maurice
D:12:     layout_rooms, uniq_frances
D:13:     layout_cave_pools, serial_shops, nicolae_shop_overgrown_old_shop,
          nicolae_shop_crystal, shop, nicolae_shop_waterfront,
          kennysheep_nondescript, nrook_guardian_serpent_double
D:14:     layout_loops_ring, hangedman_vaults_entry_quadrant_bands,
          serial_shops, shop, serial_bayou_shore_b
D:15:     grunt_enter_depths_snipers, layout_loops_ring,
          nicolae_tso_carved_into_rock, kennysheep_flooded_box,
          hangedman_decor_riveting, uniq_nessos, uniq_azrael, uniq_josephine
Lair:1:   layout_gridlike, infiniplex_staircase_pool_2, grunt_megastairs_3,
          uniq_gastronok
Lair:2:   layout_roguey, spider_nest_entry_rubble, gammafunk_ghost_hydra_chop,
          small_statue_intersection, lemuel_fruit_tree
Lair:3:   regret_index_harrowing_hell_hive, layout_regular_city,
          elwin_shoals_entry_rocks
Lair:4:   layout_gridlike, grunt_forest_large_clearings, serial_bayou_shore_b
Lair:5:   layout_long_grid
Lair:6:   grunt_lair_end_beastmaster, layout_regular_city,
          dpeg_slime_entry_enclosed_altar, st_stairs_9, minmay_hedge_maze,
          minmay_lair_oklob_chamber, infiniplex_staircase_pool, uniq_urug
Spider:1: layout_spider_delve
Spider:2: layout_chambers, uniq_arachne, uniq_agnes, uniq_roxanne
Spider:3: layout_spider_delve, uniq_donald
Spider:4: spider_rune_water
Orc:1:    minmay_goldmine, layout_caves, serial_shops,
          nicolae_shop_competitors_out_of_business, basic_altar,
          elves_outpost_lemuel
Orc:2:    pf_orc_diabolical, layout_caves, basic_altar
Vaults:1: nicolae_vaults_sealed_display, grunt_vaults_swirl,
          vaults_room_hangedman_quadrants, vaults_mumra_chevron_long,
          hangedman_vaults_snaps, nicolae_vaults_mini_display_case, v_misc_23,
          v_misc_5, nicolae_vaults_shelves_hall,
          nicolae_vaults_little_squares_6, ontoclasm_vaults_fault,
          hangedman_vaults_pinch, vaults_dpeg_cross,
          nicolae_vaults_little_squares_5, vaults_room_semicircle,
          layout_vaults_maze_snakey, mu_enter_wizlab_6, serial_shops,
          nicolae_shop_competitors_out_of_business, uniq_saint_roka
Vaults:2: hangedman_vaults_nails, vaults_room_boxed, v_misc_12,
          nicolae_vaults_little_squares_1, v_misc_23, vaults_room_door_ring,
          nicolae_vaults_rhombus_6, nicolae_vaults_three_branches,
          hangedman_vaults_restitches, layout_vaults_omnibox, uniq_nikola
Vaults:3: gammafunk_vaults_ghost_grave, v_misc_16, ontoclasm_vaults_bender,
          nicolae_vaults_ring_of_whatevers, ontoclasm_vaults_ligature,
          minmay_crypt_entry_nasty_monster, v_misc_24,
          nicolae_vaults_yaktaur_gun_rack, layout_vaults_omnigrid
Vaults:4: hangedman_vaults_variations, nicolae_vaults_meeting, v_rooms_4,
          ontoclasm_vaults_pinch, v_misc_9, v_misc_22, vaults_dpeg_hooks,
          vaults_mumra_minichess, v_misc_2, vaults_mumra_hex,
          grunt_vaults_hallway_short, vaults_room_door_ring,
          nicolae_vaults_specimen_jars, layout_vaults_ring
Vaults:5: serial_shops, uniq_sojobo

Skill      XL: |  1  2  3  4  5  6  7  8  9 10 11 12 13 14 15 16 17 18 19 20 21 |
---------------+----------------------------------------------------------------+-----
Dodging        | 3 4 5 6 7 8 9 10 11 12 13 14 | 14.7
Axes           | 4 5 6 7 9 11 12 13 14 15 16 17 18 19 20 | 20.4
Fighting       | 4 5 6 7 8 9 10 11 12 13 14 15 17 18 | 18.7
Throwing       | 1 4 5 6 7 8 10 11 12 | 12.2
Shields        | 2 4 7 8 10 11 13 14 15 | 15.0
Evocations     | 4 7 9 10 11 12 | 12.4
Stealth        | 3 6 |  6.2

Action                   |  1- 3 |  4- 6 |  7- 9 | 10-12 | 13-15 | 16-18 | 19-21 || total
-------------------------+-------+-------+-------+-------+-------+-------+-------++-------
Melee: Hand axe          |    94 |   175 |   217 |    59 |    15 |       |       ||   560
       Tailslap          |     8 |    26 |    40 |    74 |   270 |   367 |   346 ||  1131
       War axe           |       |       |    36 |   449 |  1260 |   741 |   157 ||  2643
       Broad axe         |       |       |       |       |    47 |   645 |   983 ||  1675
Throw: Dart              |     8 |     2 |    78 |    36 |    62 |   105 |       ||   291
       Boomerang         |       |       |       |    50 |   140 |   382 |    62 ||   634
       Javelin           |       |       |       |       |       |    11 |     2 ||    13
       Throwing net      |       |       |       |       |       |     3 |       ||     3
Invok: Berserk           |     1 |     3 |     5 |    13 |     5 |     3 |     6 ||    36
       Trog's Hand       |       |     3 |     2 |     8 |    10 |    11 |    14 ||    48
       Brothers in Arms  |       |       |       |     3 |     1 |     3 |     4 ||    11
 Abil: Breathe Frost     |       |       |     8 |     5 |     3 |     3 |       ||    19
       Fly               |       |       |       |       |     2 |       |       ||     2
       Stop Flying       |       |       |       |       |     1 |       |       ||     1
Evoke: Wand              |       |       |       |       |       |    14 |       ||    14
       Box of beasts     |       |       |       |       |       |     1 |       ||     1
  Use: Scroll            |       |       |     6 |    21 |    11 |    12 |     4 ||    54
       Potion            |       |       |       |       |     3 |     4 |     7 ||    14
 Stab: Sleeping          |     3 |       |       |     1 |     5 |     7 |     8 ||    24
       Distracted        |       |       |       |     1 |     1 |     3 |     5 ||    10
       Paralysed         |       |       |       |       |       |       |     1 ||     1
  Eat: Chunk             |     2 |    12 |    23 |    38 |    38 |    37 |    33 ||   183
       Ration            |       |       |       |     1 |     3 |     2 |     1 ||     7
Armor: Skin              |    36 |    44 |    74 |   138 |   306 |   415 |   216 ||  1229
Dodge: Dodged            |    72 |   100 |   131 |   267 |   569 |   831 |   607 ||  2577
Block: Shield            |       |       |    70 |   340 |   859 |  1106 |   748 ||  3123

Table legend:
 A = Non-vault XP
 B = Vault XP
 C = Vault XP percentage of total XP
 D = Non-vault monster count
 E = Vault monster count
 F = Vault count percentage of total count
                 A         B        C        D         E       F
            +---------+---------+-------+---------+---------+-------
      Total |  329139 |  321586 |  49.4 |    1004 |     547 |  35.3
            +---------+---------+-------+---------+---------+-------
        D:1 |      30 |      10 |  25.0 |      15 |      10 |  40.0
        D:2 |      40 |      27 |  40.3 |       9 |       6 |  40.0
        D:3 |      67 |      45 |  40.2 |      23 |       4 |  14.8
        D:4 |     414 |      10 |   2.4 |      10 |       2 |  16.7
        D:5 |     683 |       4 |   0.6 |      30 |       1 |   3.2
        D:6 |     522 |       0 |   0.0 |      12 |       0 |   0.0
        D:7 |     707 |    1703 |  70.7 |      17 |       2 |  10.5
        D:8 |    1912 |     423 |  18.1 |      30 |       3 |   9.1
        D:9 |    2605 |    4175 |  61.6 |      30 |      38 |  55.9
       D:10 |    4063 |       0 |   0.0 |      35 |       0 |   0.0
       D:11 |    6210 |    1249 |  16.7 |      21 |       2 |   8.7
       D:12 |    3035 |    2198 |  42.0 |      13 |       1 |   7.1
       D:13 |    9188 |     470 |   4.9 |      33 |       1 |   2.9
       D:14 |    7628 |    6455 |  45.8 |      31 |      20 |  39.2
       D:15 |    7314 |    8582 |  54.0 |      23 |      16 |  41.0
     Lair:1 |    2115 |    2598 |  55.1 |      12 |       2 |  14.3
     Lair:2 |    8256 |     595 |   6.7 |      29 |       1 |   3.3
     Lair:3 |    5668 |    7669 |  57.5 |      21 |      51 |  70.8
     Lair:4 |    1768 |    2426 |  57.8 |       6 |      18 |  75.0
     Lair:5 |    5605 |       0 |   0.0 |      22 |       0 |   0.0
     Lair:6 |   10466 |   14725 |  58.5 |      42 |      30 |  41.7
   Spider:1 |   20120 |       0 |   0.0 |      56 |       0 |   0.0
   Spider:2 |    9402 |    6662 |  41.5 |      24 |       3 |  11.1
   Spider:3 |   17120 |    1948 |  10.2 |      32 |       1 |   3.0
   Spider:4 |   21049 |   22355 |  51.5 |      53 |      36 |  40.4
      Orc:1 |    5564 |    4889 |  46.8 |      37 |      19 |  33.9
      Orc:2 |    2145 |   14865 |  87.4 |      28 |      53 |  65.4
   Vaults:1 |   26396 |   23145 |  46.7 |      48 |      34 |  41.5
   Vaults:2 |   28343 |   18424 |  39.4 |      48 |      25 |  34.2
   Vaults:3 |   39188 |    3720 |   8.7 |      65 |       2 |   3.0
   Vaults:4 |   27497 |   68790 |  71.4 |      47 |      76 |  61.8
   Vaults:5 |   30143 |   78576 |  72.3 |      40 |      49 |  55.1
    Abyss:2 |    5402 |       0 |   0.0 |      17 |       0 |   0.0
    Abyss:3 |   18474 |    9413 |  33.8 |      45 |      23 |  33.8
     WizLab |       0 |   15435 | 100.0 |       0 |      18 | 100.0
            +---------+---------+-------+---------+---------+-------
